 Dungeon Crawl Stone Soup version 0.30-a0-170-g85af917532 (webtiles) character file.

Game seed: 5447407367494457497

212 qw the Chopper (level 5, -17/33 HPs)
             Began as a Gargoyle Fighter on Oct 1, 2022.
             Demolished by a two-headed ogre
             ... wielding a +0 giant club
              (20 damage)
             ... on level 4 of the Dungeon.
             The game lasted 00:01:05 (2709 turns).

qw the Chopper (Gargoyle Fighter)                   Turns: 2709, Time: 00:01:06

Health: -17/33     AC: 15    Str: 22    XL:     5   Next: 90%
Magic:  0/5        EV:  7    Int: 16    God:
Gold:   214        SH:  4    Dex:  9    Spells: 4/4 levels left

rFire   . . .      SeeInvis .    l - +9 war axe "Hiunen" {venom, rCorr Int+8 Stlth-}
rCold   . . .      Faith    .    c - +0 buckler
rNeg    + . .      Spirit   +    i - +0 chain mail
rPois   inf        Reflect  .    (no helmet)
rElec   +          Harm     .    (no cloak)
rCorr   +          Rampage  .    h - +0 pair of gloves
Will    .....                    k - +0 pair of boots
Stlth   ..........               g - amulet of guardian spirit
HPRegen 0.11/turn                (no ring)
MPRegen 0.09/turn                (no ring)

@: about to teleport
A: sickness immunity, AC +4, negative energy resistance 1, electricity
resistance, torment resistance 1, petrification resistance
a: no special abilities


You were on level 4 of the Dungeon.
You visited 1 branch of the dungeon, and saw 4 of its levels.

You collected 224 gold pieces.
You spent 10 gold pieces at shops.


Innate Abilities, Weirdness & Mutations

You are immune to sickness and miasma.
Your stone body is resilient. (AC +4)
You are immune to poison.
You resist negative energy. (rN+)
You are resistant to electric shocks. (rElec)
You are resistant to unholy torment.
You are immune to petrification.


   Skills:
 - Level 4.0 Fighting
 + Level 5.0 Axes
 - Level 3.2 Armour
 - Level 3.2 Shields


You had 4 spell levels left.
You didn't know any spells.
Your spell library was empty.

Inventory:

Hand Weapons
 f - the +6 mace "Mefoar" {vorpal, *Corrode rN+++ Str+8 Dex+2}
   (You found it on level 2 of the Dungeon)

   It inflicts extra damage upon your enemies.
   Str:       It affects your strength (+8).
   Dex:       It affects your dexterity (+2).
   rN:        It renders you almost immune to negative energy.
   *Corrode:  It may corrode you when you take damage.
 l - the +9 war axe "Hiunen" (weapon) {venom, rCorr Int+8 Stlth-}
   (You found it on level 3 of the Dungeon)

   It poisons the flesh of those it strikes.
   Int:       It affects your intelligence (+8).
   rCorr:     It protects you from acid and corrosion.
   Stlth:     It makes you less stealthy.
Armour
 c - a +0 buckler (worn)
 h - a +0 pair of gloves (worn)
 i - a +0 chain mail (worn)
 k - a +0 pair of boots (worn)
Jewellery
 g - an amulet of guardian spirit (around neck)
Scrolls
 a - 3 scrolls of teleportation
Potions
 d - 2 potions of might
 e - a potion of flight {unknown}
 j - a potion of attraction {unknown}
 n - a potion of curing

Dungeon Overview and Level Annotations

Branches:
Dungeon (4/15)
 Temple: D:4-7

Altars:

Shops:
D:1 (


Message History

You kill the worm!
You start resting.
You hear the rusting of a drain nearby.
HP restored.
e - a fizzy silvery potion As you open the door, it creaks loudly!
You hear two shouts!
You hear a shout!
You hear an angry hiss.
A kobold comes into view. It is wielding a +0 dagger.
The kobold throws a stone.
The stone barely misses you.
A two-headed ogre comes into view. It is wielding two +0 giant clubs.
An adder comes into view.
You hit the adder.
The adder is poisoned.
The adder is lightly wounded.
The adder bites you but does no damage.
You barely miss the adder.
The adder is moderately wounded.
The adder closely misses you.
You slash the two-headed ogre!
The two-headed ogre is poisoned.
The two-headed ogre is moderately wounded.
The two-headed ogre hits you with a +0 giant club!!
Ouch! That really hurt!
The two-headed ogre hits you with a +0 giant club!
2706 ||| READING 4 scrolls of teleportation.
As you read the scroll of teleportation, it crumbles to dust.
You feel strangely unstable.
2707 ||| DRINKING potion of heal wounds.
You feel much better.
The two-headed ogre hits you with a +0 giant club!!
Ouch! That really hurt!
The two-headed ogre hits you with a +0 giant club.
You slash the two-headed ogre!
The two-headed ogre is heavily wounded.
The two-headed ogre hits you with a +0 giant club!
The two-headed ogre hits you with a +0 giant club.
You slash the two-headed ogre!
The two-headed ogre looks as sick as possible!
The two-headed ogre is severely wounded.
The two-headed ogre hits you with a +0 giant club!!
Ouch! That really hurt!
You die... .... ... ... #.. #.## #SK

#########O####
#........@...#
#............#
#............#
#............#
#......%.....#
#............#
#............#
#............#####
##########.......#
#


You could see a two-headed ogre (extremely poisoned), an adder (poisoned) and a
kobold.

Vanquished Creatures
  An orc priest (D:4)
  8 gnolls (D:3)
  4 adders
  3 worms
  2 dart slugs
  4 orcs
  4 ball pythons
  7 endoplasms
  A giant cockroach (D:1)
  4 goblins
  2 hobgoblins
  4 kobolds
  A quokka (D:3)
  9 bats
  2 frilled lizards (D:1)
  2 rats
58 creatures vanquished.

Vanquished Creatures (others)
  A fungus (D:1)
  A plant (D:1)
2 creatures vanquished.

Grand Total: 60 creatures vanquished

Notes
Turn   | Place    | Note
-------+----------+-------------------------------------------
     0 | D:1      | qw the Gargoyle Fighter began the quest for the Orb.
     0 | D:1      | Reached XP level 1. HP: 14/14 MP: 1/1
     0 | D:1      | 0 ||| qw: Version: 0.2-a-13-gfc7b4b4
     0 | D:1      | 0 ||| qw: Game counter: 1711
     0 | D:1      | 0 ||| qw: Always use a shield: true
     0 | D:1      | 0 ||| qw: God list: Okawaru
     0 | D:1      | 0 ||| qw: Allow faded altars: false
     0 | D:1      | 0 ||| qw: Do Orc after D:15 true
     0 | D:1      | 0 ||| qw: Do second Lair branch before Depths: true
     0 | D:1      | 0 ||| qw: Lair rune preference: random
     0 | D:1      | 0 ||| qw: Plans: Normal, Zot:1-4, God:TSO, Crypt, Tomb,
                  | Pan, Slime:5, Hells, Abyss, Orb
     0 | D:1      | 0 ||| PLANNING D:1-11
    73 | D:1      | Found a faded altar of an unknown god.
    91 | D:1      | Reached skill level 2 in Axes
   182 | D:1      | Found Ydumodia's Weapon Shop.
   193 | D:1      | 193 ||| BUYING +0 club (10 gold).
   193 | D:1      | Bought a +0 club for 10 gold pieces
   193 | D:1      | 193 ||| SHOPLISTING +1 mace of protection (106 gold, have
                  | 8).
   193 | D:1      | 193 ||| SHOPLISTING +4 morningstar of Amorality {vorpal,
                  | Fragile rElec rF- rN+++} (484 gold, have 8).
   305 | D:1      | Reached XP level 2. HP: 19/19 MP: 2/2
   705 | D:1      | 705 ||| UPGRADING to +0 pair of boots.
   710 | D:1      | 710 ||| UPGRADING to amulet of guardian spirit.
   715 | D:1      | 715 ||| READING 2 scrolls labelled PUKKYGR EMEI.
   718 | D:1      | 718 ||| READING scroll labelled QUQOXK PETEYLUY.
   719 | D:1      | 719 ||| READING scroll labelled BEDUBR TEPUAVAMYI.
   720 | D:1      | 720 ||| READING scroll labelled HOPPUC OSOAC.
   721 | D:1      | 721 ||| READING scroll labelled GYURUG TUHAUPIDEU.
   722 | D:1      | 722 ||| READING scroll labelled DOOROH ADAEVA.
   729 | D:2      | 729 ||| STAIRDANCE
   739 | D:1      | Reached skill level 3 in Axes
   739 | D:1      | Reached XP level 3. HP: 16/23 MP: 3/3
   835 | D:2      | 835 ||| STAIRDANCE
   972 | D:2      | Identified the +6 mace "Mefoar" {vorpal, *Corrode rN+++
                  | Str+8 Dex+2}
   974 | D:2      | 974 ||| DROPPING +0 club.
  1290 | D:2      | Reached XP level 4. HP: 28/28 MP: 2/4
  1464 | D:2      | 1464 ||| UPGRADING to +0 chain mail.
  1474 | D:2      | 1474 ||| DROPPING +0 scale mail.
  1475 | D:2      | 1475 ||| READING scroll labelled IXOUGA ACKO.
  1520 | D:3      | 1520 ||| Stepping ~*~*~tactically~*~*~ (hiding).
  1521 | D:3      | 1521 ||| Stepping ~*~*~tactically~*~*~ (hiding).
  1536 | D:3      | Reached skill level 4 in Axes
  1613 | D:3      | 1613 ||| FLEEEEING.
  1622 | D:3      | 1622 ||| STAIRDANCE
  1746 | D:2      | 1746 ||| DRINKING 2 green potions.
  1847 | D:2      | 1847 ||| DROPPING potion of ambrosia.
  1981 | D:3      | 1981 ||| Stepping ~*~*~tactically~*~*~ (stealth).
  1982 | D:3      | 1982 ||| Stepping ~*~*~tactically~*~*~ (stealth).
  2012 | D:3      | Reached XP level 5. HP: 27/32 MP: 5/5
  2261 | D:3      | Identified the +9 war axe "Hiunen" {venom, rCorr Int+8
                  | Stlth-}
  2263 | D:3      | 2263 ||| SWAPPING to +9 war axe "Hiunen" {venom, rCorr
                  | Int+8 Stlth-}.
  2264 | D:3      | 2264 ||| DROPPING +0 war axe.
  2298 | D:3      | 2298 ||| Stepping ~*~*~tactically~*~*~ (stealth).
  2300 | D:3      | 2300 ||| Stepping ~*~*~tactically~*~*~ (hiding).
  2301 | D:3      | 2301 ||| Stepping ~*~*~tactically~*~*~ (hiding).
  2313 | D:3      | Reached skill level 5 in Axes
  2400 | D:3      | 2400 ||| UPGRADING to +0 pair of gloves.
  2405 | D:3      | 2405 ||| READING scroll labelled JOXUEFRANIU.
  2406 | D:3      | 2406 ||| READING scroll labelled WOJINW ONAB.
  2407 | D:3      | 2407 ||| DRINKING 2 orange potions.
  2408 | D:3      | 2408 ||| DRINKING 2 yellow potions.
  2423 | D:4      | 2423 ||| PLANNING SEWER
  2465 | D:4      | 2465 ||| Stepping ~*~*~tactically~*~*~ (hiding).
  2699 | D:4      | Noticed a two-headed ogre
  2705 | D:4      | HP: 8/33 [two-headed ogre/+0 giant club (6)]
  2706 | D:4      | 2706 ||| READING 4 scrolls of teleportation.
  2707 | D:4      | 2707 ||| DRINKING potion of heal wounds.
  2708 | D:4      | HP: 3/33 [two-headed ogre/+0 giant club (1)]
  2709 | D:4      | Demolished by a two-headed ogre

Levels and vault maps discovered:
D:1:      shiori_arrival_maze, layout_loops_ring,
          shapermc_ecumenical_altar_acropolis, serial_shops,
          nicolae_shop_waterfront
D:2:      layout_basic, kennysheep_generic_room_7
D:3:      layout_rooms
D:4:      layout_basic, portal_sewer_entry_c

Skill      XL: |  1  2  3  4  5 |
---------------+----------------+-----
Axes           | 2 3 4 5 |  5.0
Fighting       | 4 |  4.0
Armour         | |  3.2
Shields        | |  3.2

Action                   |  1- 3 |  4- 6 || total
-------------------------+-------+-------++-------
Melee: War axe           |    88 |    96 ||   184
  Use: Scroll            |     6 |     4 ||    10
       Potion            |       |     4 ||     4
Armor: Scale mail        |    61 |    11 ||    72
       Chain mail        |       |    33 ||    33
Dodge: Dodged            |    57 |    33 ||    90
Block: Buckler           |    13 |    20 ||    33

Table legend:
 A = Non-vault XP
 B = Vault XP
 C = Vault XP percentage of total XP
 D = Non-vault monster count
 E = Vault monster count
 F = Vault count percentage of total count
                 A         B        C        D         E       F
            +---------+---------+-------+---------+---------+-------
      Total |     291 |      13 |   4.3 |      53 |       5 |   8.6
            +---------+---------+-------+---------+---------+-------
        D:1 |      65 |       4 |   5.8 |      19 |       2 |   9.5
        D:2 |      15 |       9 |  37.5 |       7 |       3 |  30.0
        D:3 |     141 |       0 |   0.0 |      20 |       0 |   0.0
        D:4 |      70 |       0 |   0.0 |       7 |       0 |   0.0
            +---------+---------+-------+---------+---------+-------
